AoeStats
← MrKadlatko

Arabia

509880097Analyzed
1v1 RM · 2d ago on Sep 28, 2026· 39m 29s· 2 players
Game mode
Random Map
Map size
Tiny (2 player)
Population
200
Speed
Normal
Resources
Standard
Victory
Conquest
Starting age
Dark Age
Ending age
Imperial Age
RankedLock teamsTeams togetherTeam positionsShared explorationLock speedFull tech treeHidden civsTurbo modeCheats
Victory
Defeat
🇨🇿 Japanese · Czechia
869
+17
🇷🇴 Hindustanis · Romania
895
-17
MrKadlatko
7:39 Loom
9:53 Feudal Age
9:57 Man-at-Arms
14:05 Double-Bit Axe
16:55 Horse Collar
23:05 Castle Age
21:03 Fletching
22:54 Padded Archer Armor
26:14 Stone Mining
26:15 Gold Mining
29:56 Bodkin Arrow
30:12 Forging
30:08 Scale Barding Armor
35:34 Gold Shaft Mining
soks_onbmx
10:23 Feudal Age
13:15 Forging
15:31 Fletching
24:11 Castle Age
25:55 Double-Bit Axe
26:54 Bow Saw
32:31 Scale Mail Armor
32:58 Pikeman
Connection lost

Rejoining the realm…

Still unreachable

The connection could not be restored.

Session expired

The server has moved on; the page needs a fresh start.